 Dungeon Crawl Stone Soup version 0.30-a0-43-gbbf338a72c (webtiles) character file.

Game seed: 16621518727936102410

107 drugrobin the Sneak (level 4, -2/37 HPs)
             Began as a Demigod Delver on Aug 31, 2022.
             Slain by an orc wizard
             ... wielding a +0 dagger
              (3 damage)
             ... on level 5 of the Dungeon.
             The game lasted 00:09:04 (3713 turns).

drugrobin the Sneak (Demigod Delver)                Turns: 3713, Time: 00:09:05

Health: -2/37      AC:  3    Str: 13    XL:     4   Next: 32%
Magic:  2/6        EV: 12    Int: 12    God:
Gold:   232        SH:  0    Dex: 19    Spells: 1/3 levels left

rFire   . . .      SeeInvis .    a - +0 short sword
rCold   . . .      Faith    .    (no shield)
rNeg    . . .      Spirit   .    k - +0 leather armour
rPois   .          Reflect  .    (no helmet)
rElec   .          Harm     .    (no cloak)
rCorr   .          Rampage  .    (no gloves)
Will    .....                    (no boots)
Stlth   +++.......               (no amulet)
HPRegen 0.12/turn                (no ring)
MPRegen 0.10/turn                (no ring)

@: brilliant, very slightly contaminated
A: high MP 1, forlorn, divine attributes
a: no special abilities


You were on level 5 of the Dungeon.
You visited 1 branch of the dungeon, and saw 5 of its levels.

You collected 232 gold pieces.

Inventory:

Hand Weapons
 a - a +0 short sword (weapon)
 b - a +0 sling
Missiles
 d - 5 poisoned darts (quivered)
Armour
 j - a +0 chain mail
 k - a +0 leather armour (worn)
 m - an orb of wrath
Wands
 g - a wand of digging (2)
 i - a wand of acid (13)
Scrolls
 c - a scroll of fog
 e - a scroll of fear
 n - 2 scrolls of silence {unknown}
 o - 2 scrolls of identify {unknown}
 p - a scroll of blinking {unknown}
 q - a scroll of magic mapping
 r - a scroll of vulnerability {unknown}
 s - a scroll of teleportation {unknown}
Potions
 f - a potion of haste
 h - a potion of degeneration {unknown}
 l - a potion of resistance {unknown}
 t - a potion of brilliance
 u - a potion of heal wounds {unknown}
 v - a potion of mutation {unknown}


   Skills:
 - Level 2.6 Fighting
 + Level 4.4 Short Blades
 - Level 1.7 Dodging
 - Level 4.5 Stealth


You had one spell level left.
You knew the following spells:

 Your Spells              Type           Power      Damage    Failure   Level
a - Summon Small Mammal   Summ           0%         N/A       38%         1
b - Sandblast             Erth           0%         2d4       38%         1

Your spell library contained the following spells:

 Spells                   Type           Power      Damage    Failure   Level
 Apportation              Tloc           0%         N/A       38%         1
 Necrotise                Necr           0%         1d4       38%         1
 Blink                    Tloc           0%         N/A       54%         2
 Passwall                 Tmut/Erth      0%         N/A       54%         2
 Gell's Gravitas          Tloc           0%         N/A       77%         3
 Lesser Beckoning         Tloc           0%         N/A       77%         3
 Stone Arrow              Conj/Erth      0%         3d7       77%         3
 Teleport Other           Tloc           0%         N/A       77%         3
 Animate Armour           Summ/Erth      0%         N/A       99%         4
 Manifold Assault         Tloc           0%         N/A       100%        5
 Storm Form               Tmut/Air       0%         N/A       100%        7
 Lehudib's Crystal Spear  Conj/Erth      0%         10d2      100%        8


Dungeon Overview and Level Annotations

Branches:
Dungeon (5/15)
 Temple: D:4-7

Annotations:
D:5 exclusion: phantom


Innate Abilities, Weirdness & Mutations

You have an increased reservoir of magic. (+10% MP)
You shall have no god before yourself.
Your divine heritage dramatically boosts your attributes as you level up.


Message History

You close the door, pushing everything out of the way.
You start resting.
Something unseen opens the door.
You start resting.
Something barely misses you.
You start resting.
You hear some strange, mumbled words.
A puff of flame appears from out of thin air!
The puff of flame hits you!
* * * LOW HITPOINT WARNING * * *
Unknown command.
Unknown command.
Casting: Sandblast (safe; 38% risk of failure)
Confirm with . or Enter, or press ? or * to list all spells.
You can't see any susceptible monsters within range! (Use Z to cast anyway.) Unknown command.
Unknown command.
Casting: Sandblast (safe; 38% risk of failure)
Confirm with . or Enter, or press ? or * to list all spells.
Aiming: Sandblast (safe; 38% risk of failure)
Press: ? - help, Shift-Dir - straight line You miscast Sandblast.
You are very lightly contaminated with residual magic.
Nothing appears to happen.
Something hits you but does no damage.
Unknown command.
Casting: Sandblast (safe; 38% risk of failure)
Confirm with . or Enter, or press ? or * to list all spells.
Aiming: Sandblast (safe; 38% risk of failure)
Press: ? - help, Shift-Dir - straight line The blast of sand hits something.
You hear some strange, mumbled words.
A puff of flame appears from out of thin air!
The puff of flame hits you.
* * * LOW HITPOINT WARNING * * *
Unknown command.
Unknown command.
Unknown command.
It was a potion of brilliance.
You feel clever all of a sudden. Something hits you.
You die...

#.###..#<.............# #....#
....#..'..............#+###....#
....#..#....................####
.....#'#....................#
....#..#..................###
....#..'.~~~..............# #
....~~≈~≈~................# ≈#
..~~≈≈..~......##+#######'#≈≈##
.~~≈...........#@.....#....≈≈~#
..~#....'#####.{......#o..h≈≈~#
...#....#≈≈≈≈#)#......#...o{~.#
+....#≈...#.#..##..#..~..~..#
#....#≈...#.#..##..#....~~.~#
......#≈...#.#......##..~~≈~.#
....#####≈...###......##..~~≈~.#
.... ####+ #####.....~.~...# ...
#..##.....~~~


There were no monsters in sight!

Vanquished Creatures
  A hound (D:5)
  2 adders
  An adder skeleton (D:2)
  A worm (D:2)
  3 orcs
  A bat skeleton (D:2)
  8 endoplasms
  3 giant cockroaches
  2 hobgoblins
  2 quokkas (D:1)
  3 ball pythons
  2 ball python zombies (D:2)
  4 bats (D:2)
  6 goblins
  4 kobolds (D:1)
  A quokka zombie (D:2)
  6 rats
50 creatures vanquished.

Vanquished Creatures (others)
  A withered plant (D:2)
1 creature vanquished.

Grand Total: 51 creatures vanquished

Notes
Turn   | Place    | Note
-------+----------+-------------------------------------------
     0 | D:5      | drugrobin the Demigod Delver began the quest for the Orb.
     0 | D:5      | Reached XP level 1. HP: 18/18 MP: 3/3
    83 | D:5      | Noticed a phantom
   254 | D:5      | Reached XP level 2. HP: 20/25 MP: 4/4
   333 | D:5      | Noticed a water moccasin
  1698 | D:1      | Learned a level 1 spell: Summon Small Mammal
  1784 | D:1      | Reached XP level 3. HP: 28/30 MP: 2/5
  3042 | D:2      | Learned a level 1 spell: Sandblast
  3615 | D:3      | You fall into a shaft and drop 2 floors!
  3706 | D:5      | Reached XP level 4. HP: 14/37 MP: 4/6
  3712 | D:5      | HP: 1/37 [something/puff of flame (6)]
  3713 | D:5      | Slain by an orc wizard

Illustrated notes

Levels and vault maps discovered:
D:1:      dpeg_arrival_lava_altar, layout_basic
D:2:      layout_basic, basic_altar, serial_undead, serial_undead_b,
          serial_undead_e, serial_undead_f, serial_undead_b,
          minmay_rat_gold_closets
D:3:      layout_basic, uniq_jessica, uniq_natasha
D:4:      layout_rooms, gammafunk_ghost_gnarly_gnolls
D:5:      layout_gridville, serial_rivers, chequers_serial_rivers_micro_d,
          chequers_serial_rivers_large_b, chequers_serial_rivers_small_a,
          chequers_serial_rivers_room_a, chequers_serial_rivers_small_3,
          minmay_ruined_shrine

Skill      XL: |  1  2  3 |
---------------+----------+-----
Short Blades   | 2 3 4 |  4.4
Fighting       | |  2.6
Dodging        | |  1.7
Stealth        | |  4.5

Action                   |  1- 3 |  4- 6 || total
-------------------------+-------+-------++-------
Melee: Short sword       |   163 |       ||   163
 Fire: Sling             |    11 |       ||    11
Throw: Dart              |     4 |       ||     4
 Cast: Summon Small Mamm |     3 |       ||     3
       Sandblast         |     5 |     1 ||     6
Evoke: Wand              |     1 |       ||     1
  Use: Scroll            |     2 |       ||     2
       Potion            |       |     1 ||     1
 Stab: Sleeping          |    12 |       ||    12
Armor: Leather armour    |    36 |     1 ||    37
       Chain mail        |    13 |       ||    13
Dodge: Dodged            |   111 |     1 ||   112

Table legend: (Time is in decaauts)
 A = Elapsed time spent in this place.
 B = Non-inter-level travel time spent in this place.
 C = Inter-level travel time spent in this place.
 D = Time resting spent in this place.
 E = Time spent auto-exploring this place.
 F = Levels seen in this place.
 G = Mean time per level.
                   A        B        C        D        E       F      G
               +--------+--------+--------+--------+--------+-----+--------+
         Total |   3740 |   3599 |    141 |    811 |   1906 |   5 |  748.0 |
       Dungeon |   3740 |   3599 |    141 |    811 |   1906 |   5 |  748.0 |
               +--------+--------+--------+--------+--------+-----+--------+

Top non-repeatable levels by time:
     D:2: 1478 daAuts
     D:1: 1146 daAuts
     D:5: 701 daAuts
     D:3: 358 daAuts
     D:4: 55 daAuts
